AoeStats
← Marbas

Arena

508103269Analyzed
1v1 RM · 11d ago on Sep 20, 2026· 16m 7s· 2 players
Game mode
Random Map
Map size
Tiny (2 player)
Population
200
Speed
Normal
Resources
Standard
Victory
Conquest
Starting age
Dark Age
Ending age
Imperial Age
RankedLock teamsTeams togetherTeam positionsShared explorationLock speedFull tech treeHidden civsTurbo modeCheats
Victory
Defeat
🇷🇺 Malians · Russia
1813
+14
🇦🇷 Mongols · Argentina
1765
-14
DGHIR | El Docente
11:07 Feudal Age
12:24 Double-Bit Axe
14:49 Castle Age
13:02 Horse Collar
15:24 Fletching
Marbas
10:34 Feudal Age
11:33 Loom
14:28 Castle Age
12:38 Double-Bit Axe
Connection lost

Rejoining the realm…

Still unreachable

The connection could not be restored.

Session expired

The server has moved on; the page needs a fresh start.